 Dungeon Crawl Stone Soup version 0.28-a0-938-gbc3f381ebc (webtiles) character file.

Game seed: 9753510518680039973

2 ytrimaz the Grave Robber (level 1, 0/13 HPs)
             Began as a Demonspawn Necromancer on Nov 28, 2021.
             Slain by a jackal (2 damage)
             ... on level 1 of the Dungeon.
             The game lasted 00:00:13 (93 turns).

ytrimaz the Grave Robber (Demonspawn Necromancer)     Turns: 93, Time: 00:00:14

Health: 0/13       AC:  2    Str:  8    XL:     1   Next: 33%
Magic:  0/3        EV: 12    Int: 16    God:
Gold:   15         SH:  0    Dex: 13    Spells: 3/4 levels left

rFire   . . .      SeeInvis .   (no weapon)
rCold   . . .      Faith    .   (no shield)
rNeg    . . .      Spirit   .   a - +0 robe
rPois   .          Reflect  .   (no helmet)
rElec   .          Harm     .   (no cloak)
rCorr   .          Rampage  .   (no gloves)
Will    .....                   (no boots)
Stlth   ++........              (no amulet)
HPRegen 0.04/turn               (no ring)
MPRegen 0.08/turn               (no ring)

@: no status effects
A: no striking features
a: no special abilities


You were on level 1 of the Dungeon.
You visited 1 branch of the dungeon, and saw 1 of its levels.

You collected 15 gold pieces.

Inventory:

Armour
 a - a +0 robe (worn)


   Skills:
 - Level 1.7 Dodging
 - Level 1.7 Stealth
 + Level 2.0 Spellcasting
 + Level 4.5 Necromancy


You had 3 spell levels left.
You knew the following spells:

 Your Spells              Type           Power      Damage    Failure   Level
a - Pain                  Necr           64%        1d7       3%          1

Your spell library contained the following spells:

 Spells                   Type           Power      Damage    Failure   Level
 Animate Skeleton         Necr           32%        N/A       3%          1
 Vampiric Draining        Necr           16%        2d7       10%         3
 Animate Dead             Necr           8%         N/A       32%         4
 Agony                    Necr           16%        N/A       65%         5


Dungeon Overview and Level Annotations

Branches:
Dungeon (1/15)

Altars:


Message History

You barely miss the jackal. The jackal closely misses you.
The jackal splashes around in the water.
You hit the jackal.
The jackal is heavily wounded.
The jackal barely misses you.
The jackal splashes around in the water.
You hit the jackal.
The jackal is severely wounded.
The jackal bites you.
The jackal bites you but does no damage.
The jackal splashes around in the water.
You closely miss the jackal.
The jackal is severely wounded.
The jackal splashes around in the water. x2
The jackal barely misses you.
You barely miss the jackal.
The jackal is severely wounded.
The jackal bites you but does no damage. x2
You hit the jackal but do no damage.
The jackal is severely wounded.
The jackal closely misses you. The jackal bites you. x2
You hit the jackal but do no damage.
The jackal is severely wounded.
The jackal misses you.
The jackal splashes around in the water.
The jackal bites you.
You barely miss the jackal.
The jackal is severely wounded.
The jackal splashes around in the water.
The jackal bites you.
* * * LOW HITPOINT WARNING * * *
The jackal splashes around in the water.
Unknown command.
Casting: Pain (safe; 3% risk of failure)
Confirm with . or Enter, or press ? or * to list all spells.
Aiming: Pain (safe; 3% risk of failure)
Press: ? - help, Shift-Dir - straight line, f - jackal
Aim: a jackal (chance to affect: 87%)
The jackal writhes in agony.
The jackal bites you.
You die...

♣♣♣ ♣♣ ♣♣ ♣♣♣P♣
...♣♣♣ ♣.♣♣ ≈
♣♣....
♣.....♣♣♣♣...♣≈≈
♣.♣.♣♣
♣..††.♣...≈≈≈♣
♣♣.♣♣ ♣...≈≈≈♣
♣.♣♣ ♣♣≈≈≈≈♣♣
♣♣.♣♣ ♣♣♣hh≈♣♣♣
♣♣.♣ ♣≈≈≈@.♣♣♣
♣♣♣..♣
♣♣≈♣♣...♣♣♣
♣♣..♣♣♣ ♣♣
♣♣♣...♣♣ ♣♣.♣♣♣
♣♣♣♣.♣♣♣.♣♣
♣♣...♣♣♣♣♣
♣♣♣♣....♣♣♣
♣♣♣♣♣... ♣♣♣P ♣♣


You could see 2 jackals.

Vanquished Creatures
  A jackal (D:1)
  A bat (D:1)
  A rat (D:1)
3 creatures vanquished.

Notes
Turn   | Place    | Note
-------+----------+-------------------------------------------
     0 | D:1      | ytrimaz the Demonspawn Necromancer began the quest for the
                  | Orb.
     0 | D:1      | Reached XP level 1. HP: 13/13 MP: 3/3
    93 | D:1      | Slain by a jackal

Illustrated notes

Levels and vault maps discovered:
D:1:      kilobyte_arrival_exit_the_forest, layout_loops_ring, serial_rivers,
          chequers_serial_rivers_small_b, chequers_serial_rivers_small_3,
          chequers_serial_rivers_marsh, chequers_serial_rivers_large_a,
          chequers_serial_rivers_micro_e

Action                   || total
-------------------------++-------
Melee: Unarmed           ||     8
 Cast: Pain              ||     5
Armor: Robe              ||     3
Dodge: Dodged            ||     5

Table legend: (Time is in decaauts)
 A = Elapsed time spent in this place.
 B = Non-inter-level travel time spent in this place.
 C = Inter-level travel time spent in this place.
 D = Time resting spent in this place.
 E = Time spent auto-exploring this place.
 F = Levels seen in this place.
 G = Mean time per level.
                   A        B        C        D        E       F      G
               +--------+--------+--------+--------+--------+-----+--------+
         Total |     95 |     95 |      0 |      0 |     70 |   1 |   95.0 |
       Dungeon |     95 |     95 |      0 |      0 |     70 |   1 |   95.0 |
               +--------+--------+--------+--------+--------+-----+--------+

Top non-repeatable levels by time:
     D:1: 95 daAuts
